 Dungeon Crawl Stone Soup version 0.28.0-43-g3370ac3207 (webtiles) character file.

Game seed: 8098931379688288095

335 pkoi the Firebug (level 6, -2/36 HPs)
             Began as an Octopode Fire Elementalist on Mar 18, 2022.
             Was an Initiate of Gozag.
             Slain by a yak (11 damage)
             ... on level 3 of the Dungeon.
             The game lasted 00:06:20 (5904 turns).

pkoi the Firebug (Octopode Fire Elementalist)       Turns: 5904, Time: 00:06:21

Health: -2/36      AC:  1    Str:  8    XL:     6   Next: 53%
Magic:  9/9        EV: 13    Int: 19    God:    Gozag
Gold:   346        SH:  0    Dex: 12    Spells: 2/9 levels left

rFire   . . .      SeeInvis .   o - +1 rapier (speed)
rCold   . . .      Faith    .   (no shield)
rNeg    . . .      Spirit   .   (helmet restricted)
rPois   +          Reflect  .   d - amulet of magic regeneration
rElec   .          Harm     .   k - ring of poison resistance
rCorr   .          Rampage  .   (no ring)
Will    .....      Rage     1%  (no ring)
Stlth   +++.......              (no ring)
HPRegen 0.12/turn               (no ring)
MPRegen 0.51/turn               (no ring)
                                (no ring)
                                (no ring)

@: no status effects
A: almost no armour, amphibious, 8 rings, camouflage 1, gelatinous body 1,
(nimble swimmer 1), tentacles, berserk 1
a: Renounce Religion, Potion Petition, Call Merchant, Bribe Branch


You were on level 3 of the Dungeon.
You worshipped Gozag.
Gozag was aware of your devotion.
You visited 1 branch of the dungeon, and saw 4 of its levels.

You collected 401 gold pieces.
You paid 55 gold pieces to Gozag.

Inventory:

Hand Weapons
 a - a +0 club
 b - a +0 short sword
 h - a +1 hand axe of electrocution
 o - a +1 rapier of speed (weapon)
Jewellery
 d - an amulet of magic regeneration (around mantle)
 k - a ring of poison resistance (left tentacle)
Wands
 p - a wand of iceblast (4)
 r - a wand of flame (18)
Scrolls
 c - a scroll of amnesia
 n - a scroll of silence
Potions
 e - a potion of heal wounds
 g - a potion of mutation
 i - 2 potions of magic {unknown}
 j - 2 potions of curing {unknown}
 l - a potion of might


   Skills:
 - Level 2.0 Dodging
 - Level 2.6 Stealth
 + Level 2.4 Spellcasting
 + Level 4.2 Conjurations
 + Level 1.3 Hexes
 + Level 0.3 Translocations
 + Level 5.1 Fire Magic


You had 2 spell levels left.
You knew the following spells:

 Your Spells              Type           Power      Damage    Failure   Level
a - Foxfire               Conj/Fire      80%        2x1d8     2%          1
b - Scorch                Fire           42%        2d7       3%          2
c - Inner Flame           Hex/Fire       14%        N/A       13%         3
d - Apportation           Tloc           6%         N/A       14%         1

Your spell library contained the following spells:

 Spells                   Type           Power      Damage    Failure   Level
 Pain                     Necr           8%         1d4       16%         1
 Conjure Flame            Conj/Fire      20%        6-21      7%          3
 Flame Wave               Conj/Fire      20%        2d7       24%         4
 Fireball                 Conj/Fire      10%        3d6       54%         5
 Agony                    Necr           2%         N/A       99%         5
 Alistair's Intoxication  Tmut/Pois      1%         N/A       99%         5
 Excruciating Wounds      Necr           1%         N/A       99%         5
 Conjure Ball Lightning   Conj/Air       5%         3x3d6     100%        6
 Fire Storm               Conj/Fire      10%        8d3       100%        9


Dungeon Overview and Level Annotations

Branches:
Dungeon (4/15)
 Temple: D:4-7

Altars:
Gozag
Trog
Vehumet
The Shining One

Shops:
D:4 [


Innate Abilities, Weirdness & Mutations

You cannot wear most types of armour.
You are amphibious.
You can wear up to eight rings at the same time.
Your skin changes colour to match your surroundings (Stealth+).
Your rubbery body absorbs attacks. (AC +1, EV +1)
((You are camouflaged when in or above water. (Stealth+)))
You have tentacles for arms and can constrict up to eight enemies at once.
You tend to lose your temper in combat.


Message History

Press: ? - help, Dir - move target, f/p - yak
Aim: a yak (chance to affect: 67%)
The yak is filled with an inner flame.
The yak bellows!
Casting: Foxfire (safe; 2% risk of failure)
Press: ? - help, Q - select action, (/) - cycle Dir - look around, f - activate You conjure some foxfire!
The foxfire hits the yak.
The yak is lightly wounded.
The foxfire hits the yak but does no damage.
The yak is lightly wounded.
Casting: Foxfire (safe; 2% risk of failure)
Press: ? - help, Q - select action, (/) - cycle Dir - look around, f - activate You conjure some foxfire!
The foxfire hits the yak.
Flame seeps out of the yak.
The yak is lightly wounded.
The foxfire hits the yak.
Flame seeps out of the yak.
The yak is lightly wounded.
The yak is engulfed in blazing flames.
Flame seeps out of the yak.
The yak's inner flame fades away.
Things that are here:
a +0 short sword; 5 stones
Okay, then.
Unknown command.
Unknown command.
It was a potion of mutation.
You feel extremely strange.
You feel a little pissed off. The yak completely misses you. The yak gores you!
* * * LOW HITPOINT WARNING * * *
There is a stone staircase leading up here.
The yak gores you!
* * * LOW HITPOINT WARNING * * *
The yak gores you.
* * * LOW HITPOINT WARNING * * *
You climb upwards.
There is a stone staircase leading down here.
The yak gores you!
You die...
Your body crumbles into a pile of gold.

#.........# ### #..######.#
##.####..######.#
...).....#......#
...#####...######
...#..#....######
...#...........<###
................Y>#########
........##......@Y##......#
...#######.#...#..##.####.#
.............###..##.## #.#
############## #......# #.#
##[###.# #.# ♣♣♣♣ #.#.#.#
#.# ♣♣.>♣ #.#...# #.#
♣♣♣♣..♣♣ #.#.### #.#
♣♣♣♣)..♣♣♣ #.#.#####.#


You could see 2 yaks.

Vanquished Creatures
  A scorpion (D:4)
  A hound (D:4)
  A jelly (D:3)
  An orc priest (D:4)
  Jessica (D:2)
  5 adders
  4 worms
  3 dart slugs
  4 orcs
  11 endoplasms
  14 goblins
  7 hobgoblins
  6 jackals
  A quokka (D:3)
  5 ball pythons
  9 bats
  6 frilled lizards
  9 kobolds
  6 rats
95 creatures vanquished.

Vanquished Creatures (others)
  381 foxfires
381 creatures vanquished.

Grand Total: 476 creatures vanquished

Notes
Turn   | Place    | Note
-------+----------+-------------------------------------------
     0 | D:1      | pkoi the Octopode Fire Elementalist began the quest for the
                  | Orb.
     0 | D:1      | Reached XP level 1. HP: 11/11 MP: 3/3
   203 | D:1      | Reached XP level 2. HP: 10/17 MP: 1/5
   674 | D:1      | Found a faded altar of an unknown god.
   912 | D:1      | Learned a level 2 spell: Scorch
   927 | D:1      | Reached XP level 3. HP: 21/21 MP: 3/6
  1035 | D:1      | Got the Reference Book on the Floating Arsonist
  2598 | D:2      | Reached XP level 4. HP: 27/27 MP: 4/7
  2604 | D:2      | Reached skill level 4 in Fire Magic
  3008 | D:2      | Noticed Jessica
  3015 | D:2      | Killed Jessica
  3327 | D:3      | Reached XP level 5. HP: 31/31 MP: 1/8
  4240 | D:3      | Found an opulent altar of Gozag.
  4255 | D:3      | Became a worshipper of Gozag Ym Sagoz the Greedy
  4291 | D:3      | Found a bloodstained altar of Trog.
  4421 | D:3      | Found a radiant altar of Vehumet.
  4982 | D:3      | Learned a level 3 spell: Inner Flame
  5077 | D:4      | Found a glowing golden altar of the Shining One.
  5149 | D:4      | Reached skill level 1 in Hexes
  5149 | D:4      | Reached skill level 5 in Fire Magic
  5149 | D:4      | Reached XP level 6. HP: 36/36 MP: 6/9
  5282 | D:4      | Found Vaizxabi's Armour Emporium.
  5319 | D:4      | Learned a level 1 spell: Apportation
  5520 | D:4      | Noticed a yak
  5520 | D:4      | Noticed a yak
  5662 | D:4      | Noticed a yak
  5662 | D:4      | Noticed a yak
  5662 | D:4      | Noticed a yak
  5847 | D:4      | Noticed a yak
  5897 | D:4      | Gained mutation: You tend to lose your temper in combat.
                  | [potion of mutation]
  5904 | D:3      | Slain by a yak

Illustrated notes

Levels and vault maps discovered:
D:1:      dpeg_arrival_subterranean_lakeside_camping, layout_rooms,
          dreamdust_ecumenical_altar_angels_and_demons
D:2:      layout_loops_ring, uniq_jessica
D:3:      kb_forest_paths, layout_basic,
          nicolae_gozag_cash_rules_everything_around_me, lemuel_round_altar,
          nicolae_overflow_crystal_walls, minmay_circle_x
D:4:      layout_gridville, tso_metal_star, kennysheep_mini_moat, serial_shops,
          nicolae_take_the_stairs

Skill      XL: |  1  2  3  4  5 |
---------------+----------------+-----
Conjurations   | 2 3 4 |  4.2
Fire Magic     | 4 5 |  5.1
Hexes          | 1 |  1.3
Dodging        | |  2.0
Stealth        | |  2.6
Spellcasting   | |  2.4
Translocations | |  0.3

Action                   |  1- 3 |  4- 6 || total
-------------------------+-------+-------++-------
Melee: Club              |     4 |       ||     4
       Tentacles         |     8 |     1 ||     9
       Short sword       |    13 |     3 ||    16
       Constrict         |     4 |     1 ||     5
 Cast: Foxfire           |    89 |   139 ||   228
       Scorch            |     5 |    22 ||    27
       Inner Flame       |       |     2 ||     2
  Use: Scroll            |     2 |     5 ||     7
       Potion            |       |     1 ||     1
 Stab: Sleeping          |     1 |       ||     1
Armor: Skin              |     2 |       ||     2
Dodge: Dodged            |    15 |    15 ||    30
